Map: King's Cove LE

Players

ZipperTheFly - Winner!

  • Race: Terran Terran
  • Spawn Location: 5:00

JEROS

  • Race: Terran Terran
  • Spawn Location: 11:00

Event: 2019 WCS Spring

VOD

Have the link to the VOD?

Description

Time

  • Played on: May 17, 2019, 12:21 p.m.
  • Length: 9:07

All games in this series

Show
View Real Time Build Order
Export as new Build Order

ZipperTheFly Terran - Winner!

Build Orders:  

Get SALT Encoding   

  12  0:00  SCV  
  13  0:12  SCV  
  14  0:18  Supply Depot  
  14  0:24  SCV  
  15  0:29  Refinery  
  15  0:39  SCV  
  16  0:45  Barracks  
  16  0:51  SCV  
  16  0:55  Refinery  
  17  1:04  SCV  
  18  1:16  SCV  
  19  1:32  Orbital Command  
  19  1:34  Factory  
  19  1:37  Reaper  
  20  1:45  Supply Depot  
  20  1:58  SCV  
  21  2:09  Reaper  
  21  2:11  SCV  
  23  2:17  Hellion  
  25  2:23  SCV  
  25  2:28  Command Center  
  26  2:35  SCV  
  27  2:38  Hellion  
  27  2:41  Reaper  
  30  2:46  Supply Depot  
  30  2:47  SCV  
  31  2:55  Starport  
  31  3:08  SCV  
  31  3:11  Factory Tech Lab  
  32  3:13  Barracks Reactor  
  32  3:20  SCV  
  32  3:25  Refinery  
  33  3:30  Cyclone  
  33  3:31  Starport Tech Lab  
  33  3:32  SCV  
  38  3:47  Orbital Command  
  34  3:50  Viking, Bunker  
  34  3:53  Marine x2  
  36  4:05  SCV, Cyclone  
  35  4:11  Marine  
  35  4:14  SCV  
  36  4:18  SCV  
  36  4:21  Raven  
  39  4:29  Marine x2  
  41  4:31  SCV  
  41  4:32  SCV  
  43  4:39  Siege Tank  
  43  4:43  SCV  
  43  4:44  SCV  
  48  4:46  Marine  
  48  4:47  Marine  
  48  4:50  Supply Depot  
  50  4:56  SCV x2  
  50  4:59  Supply Depot  
  52  5:08  SCV, Marine  
  52  5:11  Raven, Marine  
  52  5:12  SCV  
  58  5:20  SCV  
  55  5:24  SCV  
  55  5:27  Siege Tank  
  58  5:32  SCV  
  58  5:35  Command Center  
  59  5:36  SCV  
  60  5:44  SCV  
  60  5:47  Supply Depot  
  60  5:48  SCV  
  64  5:56  SCV  
  65  6:00  SCV, Siege Tank  
  67  6:05  Viking  
  67  6:08  Viking, SCV  
  67  6:10  Refinery  
  72  6:12  Supply Depot  
  72  6:13  SCV  
  72  6:18  Stimpack, Marine  
  73  6:20  SCV  
  75  6:25  SCV  
  76  6:35  Siege Tank  
  79  6:40  Viking x2, Supply Depot  
  79  6:43  SCV  
  84  6:48  SCV, Supply Depot  
  84  6:51  Marine  
  86  6:57  Orbital Command  
  86  6:59  Barracks  
  86  7:00  Barracks  
  86  7:01  SCV x2  
  88  7:09  Engineering Bay  
  88  7:10  Engineering Bay  
  88  7:14  SCV  
  88  7:15  SCV  
  90  7:18  Marine  
  90  7:19  Viking  
  90  7:20  Viking  
  95  7:27  SCV  
  95  7:29  Siege Tank  
  99  7:31  SCV  
  102  7:39  Liberator  
  102  7:40  Orbital Command  
  101  7:48  Barracks Reactor  
  101  7:49  Barracks Reactor  
  101  7:50  Barracks Tech Lab  
  100  7:54  Viking, Barracks  
  100  7:55  Barracks  
  100  7:58  SCV  
  106  8:03  SCV  
  106  8:08  Siege Tank  
  109  8:13  SCV  
  109  8:15  Marauder x2  
  109  8:19  SCV  
  115  8:24  Viking  
  115  8:27  SCV  
  116  8:34  SCV  
  116  8:38  SCV  
  113  8:45  Marauder x2  
  113  8:48  Supply Depot x2  
  108  8:50  SCV  
  108  8:52  SCV  
Show
View Real Time Build Order
Export as new Build Order

JEROS Terran 

Build Orders: 1/1/1, Liberator Opening, Mech 

Get SALT Encoding   

  12  0:00  SCV  
  13  0:12  SCV  
  14  0:18  Supply Depot  
  14  0:25  SCV  
  15  0:29  Refinery  
  15  0:39  SCV  
  16  0:46  Barracks  
  16  0:51  SCV  
  16  0:56  Refinery  
  17  1:05  SCV  
  18  1:17  SCV  
  19  1:34  Orbital Command, Factory  
  19  1:37  Barracks Reactor  
  19  1:48  Supply Depot  
  19  2:02  SCV  
  20  2:14  Reaper x2  
  23  2:17  Hellion  
  23  2:21  Starport  
  24  2:25  SCV  
  25  2:32  Supply Depot  
  25  2:37  SCV  
  25  2:39  Hellion  
  28  2:46  Reaper x2  
  28  2:51  SCV  
  31  3:01  Hellion  
  31  3:02  Medivac  
  35  3:09  Supply Depot  
  37  3:24  Factory Tech Lab  
  35  3:38  SCV  
  35  3:41  Liberator  
  35  3:48  Command Center  
  33  3:50  Marine x2  
  33  3:51  Siege Tank  
  41  4:04  SCV  
  42  4:16  SCV  
  41  4:17  Marine x2  
  41  4:20  Supply Depot  
  43  4:24  Refinery  
  43  4:28  SCV  
  43  4:30  Siege Tank  
  47  4:42  SCV, Marine x2  
  50  4:47  Supply Depot  
  50  4:54  SCV  
  50  4:59  Marine x2  
  51  5:04  SCV  
  51  5:06  SCV  
  55  5:11  Siege Tank  
  55  5:16  SCV  
  55  5:20  SCV  
  52  5:31  Orbital Command  
  52  5:32  SCV  
  53  5:39  Factory  
  53  5:41  Factory  
  53  5:44  Siege Tank  
  53  5:45  Barracks Reactor  
  53  5:48  Supply Depot  
  56  5:50  SCV  
  57  5:58  SCV  
  57  6:02  SCV  
  59  6:07  Supply Depot  
  59  6:10  SCV  
  59  6:11  Supply Depot  
  60  6:14  SCV  
  60  6:16  Siege Tank  
  64  6:22  SCV  
  65  6:26  SCV  
  65  6:30  Factory Tech Lab  
  66  6:34  SCV  
  66  6:35  Hellion  
  66  6:36  Hellion  
  66  6:37  Viking  
  66  6:38  Viking, SCV  
  76  6:49  Siege Tank x2  
  82  6:57  Refinery  
  82  7:03  SCV  
  82  7:04  SCV  
  82  7:07  Viking  
  82  7:08  Viking, Supply Depot  
  88  7:09  Supply Depot  
  88  7:16  SCV x2  
  88  7:21  Hellion x2  
  94  7:28  SCV x2  
  88  7:34  Supply Depot  
  88  7:35  Supply Depot  
  88  7:41  Viking x2  
  92  7:47  Siege Tank  
  95  7:52  Siege Tank  
  98  8:00  Hellion x2  
  102  8:07  Barracks  
  102  8:15  Viking x2  
  101  8:25  Hellion x2, Siege Tank  
Tags
 
Add a new tag
Caveats
  • Supply blocks, unpowered buildings, or Contaminate may cause inaccurate times.
  • Supply counts are checked every 10 seconds.